AoeStats
← Kiritastrich

Arabia

509399825Analyzed
1v1 RM · 4d ago on Sep 26, 2026· 44m 50s· 2 players
Game mode
Random Map
Map size
Tiny (2 player)
Population
200
Speed
Normal
Resources
Standard
Victory
Conquest
Starting age
Dark Age
Ending age
Imperial Age
RankedLock teamsTeams togetherTeam positionsShared explorationLock speedFull tech treeHidden civsTurbo modeCheats
Victory
Defeat
🇷🇺 Bulgarians · Russia
1882
+14
🇧🇷 Malians · Brazil
1834
-14
23cm
7:04 Loom
9:23 Feudal Age
10:25 Double-Bit Axe
10:39 Man-at-Arms
16:54 Fletching
22:33 Castle Age
21:18 Horse Collar
21:28 Gold Mining
21:57 Bloodlines
23:35 Scale Barding Armor
27:33 Husbandry
34:46 Wheelbarrow
36:41 Squires
38:06 Forging
38:41 Scale Mail Armor
40:28 Chain Mail Armor
Kiritastrich
7:56 Loom
10:11 Feudal Age
13:01 Fletching
13:23 Double-Bit Axe
17:15 Padded Archer Armor
20:18 Castle Age
19:43 Scale Mail Armor
20:21 Forging
21:14 Chain Mail Armor
21:09 Bodkin Arrow
21:35 Arson
21:44 Gambesons
22:03 Squires
22:19 Elite Skirmisher
27:10 Pikeman
34:03 Leather Archer Armor
36:51 Wheelbarrow
38:51 Ballistics
42:10 Bloodlines
42:01 Husbandry
44:39 Imperial Age
42:48 Bow Saw
44:02 Thumb Ring
45:27 Iron Casting
45:24 Bracer
Connection lost

Rejoining the realm…

Still unreachable

The connection could not be restored.

Session expired

The server has moved on; the page needs a fresh start.